 Dungeon Crawl Stone Soup version 0.27-a0-898-g810843a28d (webtiles) character file.

Game seed: 13863282244094914072

135 Alarkh the Insei (level 4, -5/33 HPs)
             Began as a Demonspawn Gladiator on Apr 5, 2021.
             Slain by a gnoll
             ... wielding a +0 spear of pain
              (8 damage)
             ... on level 3 of the Dungeon.
             The game lasted 00:01:40 (1778 turns).

Alarkh the Insei (Demonspawn Gladiator)             Turns: 1778, Time: 00:01:41

Health: -5/33      AC:  4    Str: 14    XL:     4   Next: 96%
Magic:  4/4        EV: 12    Int: 11    God:
Gold:   74         SH:  0    Dex: 14    Spells: 3/3 levels left

rFire    . . .     SeeInvis .     - Unarmed
rCold    . . .     Faith    .   (no shield)
rNeg     . . .     Spirit   .   a - +0 leather armour
rPois    .         Reflect  .   b - +0 helmet
rElec    .         Harm     .   (no cloak)
rCorr    .         Rampage  .   (no gloves)
Will     .....                  (no boots)
Stlth    +.........             (no amulet)
HPRegen  0.11/turn              (no ring)
MPRegen  0.09/turn              (no ring)

@: no status effects
A: spiny 2
a: no special abilities


You were on level 3 of the Dungeon.
You visited 1 branch of the dungeon, and saw 3 of its levels.

You collected 74 gold pieces.

Inventory:

Missiles
 c - 3 throwing nets (quivered)
Armour
 a - a +0 leather armour (worn)
 b - a +0 helmet (worn)
Scrolls
 d - a scroll of identify
 e - a scroll of enchant weapon {unknown}
 f - a scroll of silence {unknown}
 h - a scroll of amnesia {unknown}
 k - a scroll of summoning {unknown}
 l - 2 scrolls of brand weapon {unknown}
Potions
 g - a potion of heal wounds
 i - a potion of curing {unknown}
 j - 2 potions of berserk rage {unknown}


   Skills:
 - Level 2.0 Fighting
 - Level 1.7 Throwing
 - Level 2.6 Dodging
 + Level 5.2 Unarmed Combat


You had 3 spell levels left.
You didn't know any spells.
Your spell library contained the following spells:

 Spells                   Type           Power      Damage    Failure   Level
 Magic Dart               Conj           0%         1d3       41%         1
 Sandblast                Erth           0%         2d4       41%         1
 Shock                    Conj/Air       0%         1d3       41%         1
 Bolt of Magma            Conj/Fire/Erth 0%         4d4       100%        5
 Lightning Bolt           Conj/Air       0%         1d11      100%        5
 Orb of Destruction       Conj           0%         N/A       100%        7


Dungeon Overview and Level Annotations

Branches:
Dungeon (3/15)

Altars:
Hepliaklqana


Innate Abilities, Weirdness & Mutations

You are mostly covered in sharp spines.


Message History

You barely miss the goblin.
The goblin is severely wounded.
The goblin is struck by your spines.
You kill the goblin!
The orc misses you. The gnoll hits you but does no damage.
You completely miss the orc. Your punch misses the orc.
The gnoll hits you from afar with a +0 spear of pain.
The orc hits you with a +0 dagger.
You hit the orc.
The orc is moderately wounded.
The gnoll throws a throwing net.
The throwing net hits you.
You become entangled in the net!
You are held in a net!
There are monsters nearby!
Unknown command.
You struggle against the net.
The orc barely misses you.
The gnoll hits you from afar with a +0 spear of pain!
You struggle against the net.
A rat comes into view.
The gnoll hits you but does no damage. The orc hits you but does no damage.
The gnoll is struck by your spines. The gnoll hits you with a +0 club.
The gnoll is struck by your spines. The gnoll hits you with a +0 whip!
* * * LOW HITPOINT WARNING * * *
You struggle against the net.
The orc is struck by your spines.
You kill the orc!
The gnoll barely misses you. The gnoll is struck by your spines.
You kill the gnoll!
The gnoll is struck by your spines.
You kill the gnoll!
You struggle against the net.
The gnoll hits you from afar with a +0 spear of pain.
* * * LOW HITPOINT WARNING * * *
You writhe in agony.
* * * LOW HITPOINT WARNING * * *
You struggle against the net.
The gnoll hits you from afar with a +0 spear of pain.
* * * LOW HITPOINT WARNING * * *
You rip the net and break free!
The gnoll hits you from afar with a +0 spear of pain!
You die...

###.##.##
...#....##.......##
#.................##
.#..................#
....................#
.#..................#
....rg..............#
#.....))............#
#.....)@........[...#
#####.)..(..........#
#...............#
#...............#
#######.........#
##.......## ##.....##
#######


You could see a gnoll and a rat.

Vanquished Creatures
  2 gnolls (D:3)
  4 adders (D:2)
  3 worms
  2 dart slugs
  An orc (D:3)
  4 bats (D:1)
  3 endoplasms
  5 giant cockroaches
  3 goblins
  6 hobgoblins
  10 jackals
  4 kobolds
  4 quokkas
  5 ball pythons
  3 rats (D:1)
59 creatures vanquished.

Notes
Turn   | Place    | Note
-------+----------+-------------------------------------------
     0 | D:1      | Alarkh the Demonspawn Gladiator began the quest for the
                  | Orb.
     0 | D:1      | Reached XP level 1. HP: 16/16 MP: 1/1
    25 | D:1      | Found a faded altar of an unknown god.
    52 | D:1      | Reached skill level 3 in Unarmed Combat
   463 | D:1      | Gained mutation: You are partially covered in sharp spines.
                  | [demonic ancestry]
   463 | D:1      | Reached XP level 2. HP: 12/22 MP: 2/2
   793 | D:1      | Gained mutation: You are mostly covered in sharp spines.
                  | [demonic ancestry]
   793 | D:1      | Reached XP level 3. HP: 26/27 MP: 3/3
  1092 | D:1      | Reached skill level 4 in Unarmed Combat
  1404 | D:2      | Identified the Compendium of Damaging Stones
  1472 | D:2      | Reached XP level 4. HP: 33/33 MP: 4/4
  1710 | D:3      | Found a hazy altar of Hepliaklqana.
  1746 | D:3      | Reached skill level 5 in Unarmed Combat
  1778 | D:3      | Slain by a gnoll

Illustrated notes

Levels and vault maps discovered:
D:1:      grunt_arrival_lava_bath, layout_loops_cross, basic_ecumenical_altar,
          kennysheep_another_room, minmay_unequal
D:2:      layout_loops_ring
D:3:      layout_rooms, nicolae_hepliaklqana_hazy_memory

Skill      XL: |  1  2  3  4 |
---------------+-------------+-----
Unarmed Combat | 3 4 5 |  5.2
Fighting       | |  2.0
Throwing       | |  1.7
Dodging        | |  2.6

Action                   |  1- 3 |  4- 6 || total
-------------------------+-------+-------++-------
Melee: Unarmed           |   106 |    41 ||   147
       Punch             |     1 |     2 ||     3
  Use: Scroll            |     1 |       ||     1
 Stab: Sleeping          |     1 |       ||     1
Armor: Leather armour    |    31 |    10 ||    41
Dodge: Dodged            |    65 |    26 ||    91

Table legend: (Time is in decaauts)
 A = Elapsed time spent in this place.
 B = Non-inter-level travel time spent in this place.
 C = Inter-level travel time spent in this place.
 D = Time resting spent in this place.
 E = Time spent auto-exploring this place.
 F = Levels seen in this place.
 G = Mean time per level.
                   A        B        C        D        E       F      G
               +--------+--------+--------+--------+--------+-----+--------+
         Total |   1767 |   1731 |     36 |    347 |   1065 |   3 |  589.0 |
       Dungeon |   1767 |   1731 |     36 |    347 |   1065 |   3 |  589.0 |
               +--------+--------+--------+--------+--------+-----+--------+

Top non-repeatable levels by time:
     D:1: 1114 daAuts
     D:2: 578 daAuts
     D:3: 74 daAuts
